 Dungeon Crawl Stone Soup version 0.27.1-1-g398f81649c (webtiles) character file.

Game seed: 14792407979576388964

40 bnorton916 the Conjurer (level 3, 0/19 HPs)
             Began as a Deep Elf Conjurer on Sept 21, 2021.
             Slain by a goblin (5 damage)
             ... on level 2 of the Dungeon.
             The game lasted 00:01:37 (1277 turns).

bnorton916 the Conjurer (Deep Elf Conjurer)         Turns: 1277, Time: 00:01:38

Health: 0/19       AC:  2    Str:  4    XL:     3   Next: 30%
Magic:  3/10       EV: 16    Int: 23    God:
Gold:   67         SH:  5    Dex: 13    Spells: 7/10 levels left

rFire    . . .     SeeInvis .   (no weapon)
rCold    . . .     Faith    .   (no shield)
rNeg     . . .     Spirit   .   a - +0 robe
rPois    .         Reflect  +   (no helmet)
rElec    .         Harm     .   (no cloak)
rCorr    .         Rampage  .   (no gloves)
Will     .....                  (no boots)
Stlth    ++........             b - amulet of reflection
HPRegen  0.06/turn              e - +4 ring of evasion
MPRegen  0.12/turn              (no ring)

@: no status effects
A: no striking features
a: no special abilities


You were on level 2 of the Dungeon.
You visited 1 branch of the dungeon, and saw 2 of its levels.

You collected 67 gold pieces.

Inventory:

Armour
 a - a +0 robe (worn)
Jewellery
 b - an amulet of reflection (around neck)
 e - a +4 ring of evasion (left hand)
Scrolls
 d - 2 scrolls of identify {unknown}
Potions
 c - a potion of curing {unknown}
 f - a potion of degeneration {unknown}


   Skills:
 - Level 2.4 Dodging
 - Level 2.4 Stealth
 + Level 4.2 Spellcasting
 + Level 5.1 Conjurations


You had 7 spell levels left.
You knew the following spells:

 Your Spells              Type           Power      Damage    Failure   Level
a - Magic Dart            Conj           100%       1d8       1%          1
b - Searing Ray           Conj           56%        3d5       1%          2

Your spell library contained the following spells:

 Spells                   Type           Power      Damage    Failure   Level
 Dazzling Flash           Conj/Hex       32%        N/A       11%         3
 Fulminant Prism          Conj/Hex       8%         3d7       34%         4
 Iskenderun's Mystic Bla  Conj/Tloc      16%        2d5       34%         4


Dungeon Overview and Level Annotations

Branches:
Dungeon (2/15)

Altars:

Annotations:
D:2 Robin


Message History

Press: ? - help, Shift-Dir - straight line, f - Robin
Aim: Robin, wielding a +0 mace, wearing a +2 animal skin and wearing a +0 helmet (85% to hit)
The searing ray misses the goblin.
The searing ray misses Robin. (Press . to maintain the ray.) Robin says, "My army is invincible!"
Robin throws the goblin at you!
Without enough magic to sustain it, your searing ray dissipates.
You block the goblin's attack. The goblin hits you with a +0 dagger.
The goblin hits you with a +0 club.
Unknown command.
The goblin hits you with a +0 club.
* * * LOW HITPOINT WARNING * * *
The goblin barely misses you.
Robin roars a battlecry!
The goblins go into a battle-frenzy!
You see here a jackal corpse.
Casting: Searing Ray (safe; 1% risk of failure)
Confirm with . or Enter, or press ? or * to list all spells.
Aiming: Searing Ray (safe; 1% risk of failure)
Press: ? - help, Shift-Dir - straight line, f - goblin, p - Robin
Aim: a goblin, wielding a +0 dagger (strong, 74% to hit)
The searing ray hits the goblin.
You kill the goblin!
The searing ray hits the goblin!
You kill the goblin! (Press . to maintain the ray.)
Found a smoky emerald potion.
A hobgoblin comes into view.
The hobgoblin shouts!
Robin's horned helmet rattles.
Robin roars a battlecry!
The hobgoblin goes into a battle-frenzy!
A goblin comes into view. It is wielding a +0 dagger.
The goblin shouts!
You hear a shout!
The goblin hits you with a +0 dagger.
* * * LOW HITPOINT WARNING * * *
Robin roars a battlecry!
The goblin goes into a battle-frenzy!
The goblin hits you with a +0 dagger.
You die...

#...........>.# ###.#.....
.####.....###.....# #.#.##..
......†.#...#.....# #...##..
#.......###.#.##### ##..)†)..
#.#......##...# ####....##†.
#...#....###..# ##........###
..###.....##..####...#####..##
#. #......#..g......######.#.
#........@g...............
#...............########..
#...........###.# ##.
#....####.#..#..# ##g #....#
#..#...## #.. ###.## #......#
#.# #<# #.. ....# #.# #.#
#........ ..# #.# #. ####


You could see a hobgoblin (strong) and a goblin (strong).

Vanquished Creatures
  4 ball pythons
  4 bats
  6 endoplasms
  8 goblins
  4 hobgoblins
  2 jackals (D:2)
  2 frilled lizards (D:1)
  2 kobolds (D:2)
  2 rats
34 creatures vanquished.

Notes
Turn   | Place    | Note
-------+----------+-------------------------------------------
     0 | D:1      | bnorton916 the Deep Elf Conjurer began the quest for the
                  | Orb.
     0 | D:1      | Reached XP level 1. HP: 10/10 MP: 6/6
   258 | D:1      | Reached XP level 2. HP: 15/15 MP: 4/8
   408 | D:1      | Learned a level 2 spell: Searing Ray
  1180 | D:2      | Found a faded altar of an unknown god.
  1204 | D:2      | Reached skill level 5 in Conjurations
  1204 | D:2      | Reached XP level 3. HP: 19/19 MP: 8/10
  1221 | D:2      | Noticed Robin
  1277 | D:2      | Slain by a goblin

Illustrated notes

Levels and vault maps discovered:
D:1:      dpeg_arrival_court, layout_basic, kennysheep_another_room,
          minmay_distorted
D:2:      layout_rooms, shapermc_ecumenical_altar_flowoftime, uniq_robin,
          uniq_jessica

Skill      XL: |  1  2 |
---------------+-------+-----
Spellcasting   | 4 |  4.2
Conjurations   | 5 |  5.1
Dodging        | |  2.4
Stealth        | |  2.4

Action                   || total
-------------------------++-------
 Cast: Magic Dart        ||    43
       Searing Ray       ||     4
Armor: Robe              ||     1
Dodge: Dodged            ||     3
Block: Other             ||     2
       Reflection        ||     1
